Map: 2000 Atmospheres LE

Players

Elazer - Winner!

  • Race: Zerg Zerg

SKillous

  • Race: Protoss Protoss

Event: DreamHack SC2 Masters 2021 Winter

VOD

Have the link to the VOD?

Description

Time

  • Played on: Oct. 5, 2021, 2:55 p.m.
  • Length: 16:59

All games in this series

Show
View Real Time Build Order
Export as new Build Order

Elazer Zerg - Winner!

Build Orders: Hatch First, Brood Lord Corruptor 

Get SALT Encoding   

  12  0:00  Drone  
  13  0:13  Overlord  
  13  0:17  Drone  
  14  0:31  Drone x2  
  16  0:49  Hatchery  
  15  0:52  Drone  
  15  0:56  Drone  
  17  0:59  Drone  
  18  1:10  Extractor  
  17  1:14  Spawning Pool  
  17  1:17  Drone  
  17  1:21  Drone  
  18  1:29  Drone  
  19  1:39  Drone  
  20  1:50  Overlord  
  20  2:00  Queen  
  22  2:01  Queen  
  22  2:03  Drone, Zergling x2  
  26  2:12  Zergling x2  
  26  2:13  Drone, Metabolic Boost  
  28  2:22  Drone  
  29  2:24  Drone  
  30  2:32  Drone  
  30  2:33  Drone  
  32  2:37  Queen  
  32  2:43  Overlord  
  34  2:44  Drone  
  35  2:52  Hatchery  
  34  3:01  Queen  
  34  3:02  Overlord  
  36  3:08  Drone  
  36  3:09  Drone x2  
  36  3:10  Drone  
  40  3:14  Drone  
  40  3:16  Drone x2  
  40  3:18  Drone  
  44  3:24  Queen  
  44  3:27  Drone  
  47  3:30  Overlord  
  47  3:33  Overlord  
  47  3:36  Drone  
  48  3:49  Drone x4  
  48  3:53  Drone x4  
  56  3:58  Drone  
  56  3:59  Spore Crawler  
  56  4:01  Queen  
  58  4:03  Drone  
  58  4:05  Drone x2  
  61  4:13  Overlord x2  
  61  4:14  Drone  
  61  4:15  Drone x2  
  64  4:19  Zergling x4  
  66  4:29  Extractor  
  66  4:30  Roach Warren  
  64  4:31  Zergling x4  
  64  4:32  Zergling x2  
  64  4:33  Extractor  
  64  4:36  Zergling x2  
  67  4:38  Overlord  
  67  4:39  Drone x2  
  68  4:47  Drone x8  
  68  4:49  Lair  
  68  4:50  Drone x2  
  78  4:53  Drone x2  
  80  5:01  Drone  
  80  5:05  Drone x2  
  83  5:08  Hatchery  
  83  5:11  Drone  
  83  5:14  Queen x2  
  81  5:15  Extractor, Overlord  
  81  5:16  Drone x4  
  81  5:20  Drone x2  
  90  5:26  Overlord  
  90  5:31  Evolution Chamber, Extractor  
  90  5:32  Roach  
  90  5:33  Overlord  
  90  5:35  Zergling x6  
  91  5:38  Overlord  
  91  5:42  Roach  
  93  5:44  Roach x4  
  93  5:49  Zergling x8  
  105  5:56  Overlord  
  105  6:03  Zergling x8  
  101  6:06  Queen x2  
  101  6:07  Queen  
  101  6:10  Zerg Missile Weapons Level 1, Glial Reconstitution  
  106  6:12  Zergling x12  
  106  6:16  Drone x3  
  106  6:18  Drone x2  
  109  6:27  Drone x4  
  109  6:29  Drone  
  109  6:30  Drone  
  115  6:34  Overseer  
  115  6:37  Drone  
  115  6:39  Drone  
  117  6:40  Infestation Pit  
  117  6:41  Extractor  
  117  6:42  Drone  
  117  6:43  Drone x4  
  120  6:48  Queen x2  
  120  6:50  Queen  
  120  6:52  Overlord  
  120  6:53  Drone  
  127  6:58  Drone x4  
  127  7:00  Drone x2  
  133  7:06  Overlord  
  132  7:11  Overlord  
  132  7:13  Drone x3  
  135  7:19  Drone x9  
  143  7:24  Spire  
  143  7:27  Hive, Evolution Chamber  
  141  7:35  Drone x5, Extractor  
  141  7:36  Spore Crawler  
  141  7:37  Drone x2, Extractor  
  143  7:39  Burrow  
  143  7:41  Pathogen Glands  
  145  7:44  Drone x2  
  145  7:45  Drone  
  145  7:47  Drone  
  145  7:48  Drone  
  145  7:49  Overlord  
  145  7:50  Overlord x2  
  150  7:56  Overlord  
  150  8:06  Drone  
  150  8:08  Zerg Ground Armor Level 1, Spine Crawler x2, Zerg Melee Weapons Level 1  
  150  8:09  Spine Crawler  
  148  8:13  Hatchery  
  148  8:18  Queen x2  
  151  8:22  Spine Crawler  
  151  8:23  Spine Crawler  
  151  8:24  Spine Crawler  
  147  8:39  Greater Spire  
  147  8:40  Adrenal Glands  
  147  8:46  Viper x3  
  156  8:50  Hatchery  
  155  8:56  Infestor x2  
  155  8:57  Infestor  
  155  9:02  Corruptor x7  
  161  9:03  Corruptor  
  177  9:16  Zergling x12  
  183  9:17  Overlord x2  
  183  9:20  Spine Crawler  
  183  9:21  Spine Crawler  
  183  9:22  Spine Crawler  
  183  9:23  Spine Crawler  
  179  9:25  Spine Crawler  
  179  9:27  Spine Crawler  
  167  9:50  Queen x4  
  167  10:01  Corruptor x3  
  167  10:03  Brood Lord x5  
  167  10:05  Drone x12  
  195  10:09  Spine Crawler  
  195  10:10  Spine Crawler  
  195  10:11  Spine Crawler  
  195  10:13  Zerg Ground Armor Level 2, Spine Crawler, Zerg Melee Weapons Level 2  
  191  10:15  Zerg Flyer Armor Level 1  
  191  10:24  Neural Parasite  
  191  10:26  Pneumatized Carapace, Queen  
  191  10:27  Overseer x2  
  192  10:41  Spore Crawler x2  
  194  10:42  Brood Lord  
  194  10:43  Brood Lord, Spore Crawler  
  194  10:46  Drone x6  
  194  10:47  Spore Crawler x2  
  194  10:48  Spore Crawler  
  194  10:49  Spore Crawler  
  195  10:51  Spore Crawler x2  
  195  10:52  Spore Crawler x2  
  190  11:04  Spore Crawler  
  190  11:05  Brood Lord, Spore Crawler  
  190  11:06  Spore Crawler x2  
  188  11:19  Zergling x6  
  188  11:20  Zergling x14  
  189  11:34  Drone x11  
  200  11:41  Spire  
  199  11:47  Spore Crawler x2  
  199  11:48  Spore Crawler  
  199  11:49  Drone x4, Spore Crawler  
  199  11:50  Drone, Spore Crawler  
  199  11:52  Spore Crawler, Extractor  
  199  11:53  Spore Crawler x2, Extractor  
  193  11:56  Ultralisk Cavern  
  193  11:57  Baneling Nest  
  188  12:08  Zergling x14  
  188  12:09  Zergling x8  
  188  12:11  Zerg Flyer Armor Level 2  
  196  12:30  Spore Crawler  
  196  12:32  Spore Crawler  
  196  12:34  Spore Crawler  
  196  12:35  Zerg Melee Weapons Level 3, Zerg Ground Armor Level 3, Spore Crawler x2  
  191  12:49  Overseer x3  
  191  12:50  Viper x2  
  197  12:51  Chitinous Plating  
  197  12:52  Centrifugal Hooks  
  197  12:53  Zerg Flyer Weapons Level 1  
  184  13:15  Ultralisk x2  
  195  13:24  Spore Crawler  
  195  13:25  Corruptor, Spore Crawler  
  195  13:26  Corruptor x2  
  199  13:27  Spore Crawler  
  199  13:28  Spore Crawler  
  193  13:44  Corruptor x3  
  193  13:45  Corruptor x3  
  190  14:04  Zergling x18  
  199  14:10  Anabolic Synthesis  
  199  14:16  Zergling x2  
  200  14:33  Baneling x14  
  200  14:35  Infestor x2  
  200  14:38  Spore Crawler  
  200  14:40  Spore Crawler  
  200  14:41  Spore Crawler x4  
  200  14:42  Spore Crawler  
  200  14:45  Spore Crawler  
  192  14:48  Zergling x16  
  200  14:59  Zergling x12  
  200  15:00  Zergling x4  
  193  15:24  Corruptor x3  
  195  15:39  Infestor x2  
Show
View Real Time Build Order
Export as new Build Order

SKillous Protoss 

Build Orders: 1 Gate Expand, Oracle Opening, Carriers 

Get SALT Encoding   

  12  0:00  Probe  
  13  0:12  Probe  
  14  0:22  Pylon  
  14  0:25  Probe  
  15  0:40  Probe (Chrono Boost)  
  15  0:42  Gateway  
  17  0:50  Assimilator, Probe (Chrono Boost)  
  17  0:55  Probe  
  18  1:07  Probe  
  19  1:19  Probe  
  20  1:27  Nexus  
  20  1:38  Cybernetics Core  
  20  1:40  Probe  
  20  1:46  Assimilator  
  21  1:52  Probe  
  22  1:56  Pylon  
  22  2:04  Probe  
  23  2:12  Adept (Chrono Boost)  
  25  2:16  Probe (Chrono Boost)  
  25  2:18  Stargate  
  26  2:26  Warp Gate  
  26  2:28  Probe (Chrono Boost)  
  27  2:35  Adept  
  30  2:38  Probe (Chrono Boost)  
  30  2:41  Probe (Chrono Boost)  
  31  2:48  Probe x2 (Chrono Boost)  
  33  2:53  Void Ray (Chrono Boost)  
  33  2:54  Probe x2 (Chrono Boost)  
  39  3:06  Probe  
  39  3:07  Probe  
  39  3:10  Pylon  
  41  3:18  Probe  
  42  3:20  Probe  
  42  3:21  Gateway  
  43  3:29  Oracle  
  43  3:30  Probe  
  43  3:33  Probe  
  48  3:43  Twilight Council  
  48  3:46  Probe  
  48  3:47  Probe  
  50  3:54  Nexus  
  50  3:57  Pylon  
  50  4:00  Probe  
  51  4:05  Probe  
  52  4:12  Gateway, Probe  
  52  4:13  Gateway  
  53  4:19  Resonating Glaives (Chrono Boost)  
  53  4:20  Assimilator  
  53  4:23  Probe  
  54  4:24  Probe  
  54  4:28  Pylon  
  54  4:30  Protoss Air Weapons Level 1  
  55  4:36  Adept, Pylon  
  57  4:38  Adept  
  57  4:40  Probe  
  57  4:43  Probe  
  61  4:48  Assimilator  
  61  4:52  Probe  
  62  4:55  Probe  
  62  4:56  Adept  
  65  5:00  Adept  
  65  5:06  Probe (Chrono Boost)  
  68  5:11  Probe x2 (Chrono Boost)  
  68  5:13  Adept x2  
  74  5:19  Adept  
  74  5:20  Adept, Probe (Chrono Boost)  
  74  5:21  Probe (Chrono Boost)  
  81  5:22  Probe (Chrono Boost)  
  81  5:25  Probe (Chrono Boost)  
  81  5:28  Probe  
  83  5:32  Probe  
  84  5:37  Shield Battery  
  84  5:38  Probe (Chrono Boost)  
  84  5:40  Probe (Chrono Boost)  
  84  5:41  Assimilator, Stargate  
  86  5:43  Robotics Facility  
  86  5:45  Assimilator, Probe (Chrono Boost)  
  86  5:47  Pylon  
  86  5:49  Pylon  
  88  5:52  Probe (Chrono Boost)  
  88  5:55  Probe (Chrono Boost)  
  88  5:56  Void Ray (Chrono Boost)  
  87  5:57  Probe (Chrono Boost)  
  87  5:58  Probe (Chrono Boost)  
  87  6:02  Probe (Chrono Boost)  
  91  6:05  Probe  
  91  6:06  Probe  
  91  6:10  Pylon  
  91  6:17  Void Ray (Chrono Boost)  
  81  6:18  Stargate  
  75  6:28  Forge  
  75  6:29  Void Ray (Chrono Boost)  
  75  6:30  Shield Battery  
  75  6:32  Robotics Bay, Pylon  
  79  6:37  Adept  
  79  6:38  Adept  
  79  6:39  Adept  
  89  6:47  Void Ray, Probe  
  89  6:51  Probe  
  95  6:56  Probe  
  95  7:00  Void Ray  
  96  7:01  Nexus  
  96  7:03  Void Ray, Pylon  
  99  7:16  Probe  
  99  7:17  Photon Cannon  
  99  7:18  Disruptor (Chrono Boost)  
  99  7:20  Photon Cannon  
  99  7:22  Probe  
  104  7:26  Void Ray  
  104  7:29  Photon Cannon  
  104  7:30  Shield Battery  
  104  7:31  Photon Cannon  
  104  7:33  Photon Cannon  
  104  7:34  Shield Battery  
  108  7:37  Photon Cannon  
  108  7:38  Pylon  
  108  7:39  Photon Cannon  
  108  7:44  Void Ray  
  108  7:46  Fleet Beacon, Disruptor (Chrono Boost)  
  115  7:57  Photon Cannon  
  115  8:00  Pylon  
  115  8:01  Probe (Chrono Boost)  
  115  8:02  Protoss Ground Weapons Level 1 (Chrono Boost)  
  115  8:04  Assimilator  
  115  8:05  Assimilator  
  118  8:06  Probe (Chrono Boost)  
  118  8:08  Probe (Chrono Boost), Charge  
  118  8:12  Probe (Chrono Boost)  
  119  8:17  Probe (Chrono Boost)  
  119  8:18  Probe  
  122  8:20  Observer (Chrono Boost), Probe  
  122  8:23  Probe  
  124  8:28  Probe  
  124  8:32  Flux Vanes  
  125  8:36  Protoss Air Weapons Level 2 (Chrono Boost)  
  125  8:39  Photon Cannon, Pylon  
  125  8:42  Photon Cannon  
  137  8:57  Carrier x2 (Chrono Boost)  
  137  9:01  Carrier (Chrono Boost)  
  143  9:03  Shield Battery  
  143  9:06  Photon Cannon  
  143  9:07  Pylon  
  143  9:10  Gateway  
  143  9:13  Gateway x2  
  143  9:16  Gateway  
  143  9:17  Zealot  
  143  9:24  Templar Archives  
  143  9:47  Warp Prism  
  143  9:49  Pylon  
  143  9:51  Carrier (Chrono Boost)  
  151  9:54  Protoss Shields Level 1 (Chrono Boost)  
  151  9:56  Carrier (Chrono Boost)  
  151  9:59  Zealot x4  
  160  10:05  Gateway  
  156  10:08  Gateway  
  156  10:10  Gateway  
  156  10:13  Gateway  
  156  10:15  High Templar  
  156  10:16  High Templar x3  
  156  10:20  Archon x2  
  164  10:24  Zealot x4  
  164  10:27  Carrier (Chrono Boost)  
  176  10:43  Pylon  
  176  10:46  High Templar x4  
  179  10:50  Archon x2  
  179  10:51  Zealot x4  
  187  10:57  Pylon  
  187  10:59  Pylon  
  187  11:07  Protoss Air Weapons Level 3 (Chrono Boost)  
  163  11:23  Carrier (Chrono Boost)  
  145  11:33  Carrier (Chrono Boost)  
  145  11:35  Zealot  
  145  11:36  Zealot x9, Carrier (Chrono Boost), Pylon  
  165  11:45  Pylon  
  165  11:52  Protoss Shields Level 2  
  165  11:53  Psionic Storm  
  165  11:54  Photon Cannon  
  165  11:55  Photon Cannon  
  165  11:57  Photon Cannon  
  165  12:00  Photon Cannon  
  159  12:02  Shield Battery  
  159  12:04  Assimilator  
  139  12:10  Photon Cannon  
  139  12:11  Photon Cannon  
  139  12:13  Photon Cannon  
  139  12:14  Photon Cannon, High Templar x3  
  144  12:15  Zealot  
  144  12:16  Zealot x2  
  144  12:26  Zealot  
  150  12:32  High Templar  
  150  12:36  Carrier (Chrono Boost)  
  150  12:37  Zealot x5  
  154  12:43  Carrier (Chrono Boost)  
  168  12:46  Pylon  
  168  12:47  Pylon  
  168  12:48  Observer (Chrono Boost)  
  169  12:54  Pylon  
  169  12:57  Gravitic Drive  
  169  13:05  Photon Cannon  
  169  13:07  Photon Cannon  
  169  13:08  Photon Cannon  
  167  13:13  Photon Cannon  
  167  13:15  Shield Battery x2  
  167  13:23  Observer  
  168  13:34  Zealot x3  
  168  13:35  Zealot x9  
  168  13:39  Photon Cannon  
  188  13:42  Nexus  
  188  13:46  Assimilator  
  182  13:49  Oracle  
  182  13:50  Carrier, Assimilator  
  183  14:01  Zealot x4  
  185  14:05  Immortal (Chrono Boost)  
  165  14:20  Zealot  
  165  14:21  Zealot  
  169  14:27  High Templar  
  169  14:28  High Templar x3  
  169  14:30  High Templar  
  177  14:33  Archon x2  
  177  14:34  Warp Prism (Chrono Boost)  
  177  14:37  Shield Battery  
  177  14:41  Photon Cannon  
  177  14:49  Tempest (Chrono Boost)  
  180  14:55  Tempest (Chrono Boost)  
  180  14:56  Tempest (Chrono Boost)  
  182  15:01  Zealot x3  
  186  15:12  Pylon  
  186  15:13  Shield Battery  
  186  15:15  Shield Battery  
  186  15:17  Pylon  
  180  15:28  Zealot, Tempest (Chrono Boost)  
  172  15:40  Zealot x3  
  153  15:52  Pylon  
  153  15:53  Photon Cannon  
  153  16:20  Unknown  

Tags
 
Add a new tag
Caveats
  • Supply blocks, unpowered buildings, or Contaminate may cause inaccurate times.
  • Supply counts are checked every 10 seconds.